 Dungeon Crawl Stone Soup version 0.23-a0-181-g24f899a (webtiles) character file.

63 George the Slasher (level 3, -2/31 HPs)
             Began as a Minotaur Fighter on Sept 19, 2018.
             Slain by a sky beast (5 damage)
             ... on level 2 of the Dungeon.
             The game lasted 00:02:42 (1560 turns).

George the Slasher (Minotaur Fighter)               Turns: 1560, Time: 00:02:43

Health: -2/31      AC: 11    Str: 21    XL:     3   Next: 87%
Magic:  2/2        EV:  3    Int:  5    God:
Gold:   68         SH:  9    Dex:  9    Spells: 2/2 levels left

rFire    . . .     SeeInvis .   a - +0 long sword
rCold    . . .     Gourm    .   c - +0 shield
rNeg     . . .     Faith    .   j - +0 plate armour
rPois    .         Spirit   .   (helmet restricted)
rElec    .         Reflect  .   (no cloak)
rCorr    .         Harm     .   (no gloves)
MR       .....                  (no boots)
Stlth    ..........             (no amulet)
HPRegen  0.10/turn              (no ring)
MPRegen  0.08/turn              (no ring)

@: no status effects
A: retaliatory headbutt, horns 2
a: no special abilities


You were on level 2 of the Dungeon.
You were very hungry.

You visited 1 branch of the dungeon, and saw 2 of its levels.

You collected 68 gold pieces.

Inventory:

Hand Weapons
 a - a +0 long sword (weapon)
Armour
 c - a +0 shield (worn)
 j - a +0 plate armour (worn)
Jewellery
 o - an uncursed ring of ice
Scrolls
 b - a scroll of enchant weapon {unknown}
 e - a scroll of fog {unknown}
 i - a scroll of enchant armour {unknown}
 k - a scroll of identify {unknown}
 m - a scroll of remove curse {unknown}
Potions
 d - a potion of might
 g - 2 potions of mutation {unknown}
 h - a potion of curing {unknown}
 l - a potion of degeneration {unknown}
Comestibles
 f - 2 rations


   Skills:
 - Level 3.6 Fighting
 + Level 5.1 Long Blades
 - Level 3.6 Armour
 - Level 3.6 Shields


You had 2 spell levels left.
You didn't know any spells.
Your spell library was empty.

Dungeon Overview and Level Annotations

Branches:
Dungeon (2/15)

Altars:
Sif Muna


Innate Abilities, Weirdness & Mutations

You reflexively headbutt those who attack you in melee.
You have a pair of horns on your head.


Message History

Something hits you. Something shocks you.
* * * LOW HITPOINT WARNING * * *
You closely miss the goblin. You block the goblin's attack. Something hits you.
* * * LOW HITPOINT WARNING * * *
Something shocks you.
* * * LOW HITPOINT WARNING * * *
You block the goblin's attack.
You hit the goblin.
You kill the goblin!
A sky beast appears from thin air!
Reactivating autopickup.
The sky beast hits you but does no damage.
You see here a dagger.
The sky beast flickers out of sight!
Deactivating autopickup; reactivate with Ctrl-A.
There is a stone staircase leading up here.
Something hits you.
* * * LOW HITPOINT WARNING * * *
Something shocks you.
You die...

....## ..#... ....#
..#.## # ##..%# #.###
.....# #.#.. ##...#
##.#.### #g..#
#......## ### #.g.#
#.....@.#..... #$b.#
#........#
#.<.######..#..#..#
.............##)#..##
.............#<.#....
.............#(###.##.
##...#######†#.###.#
.. #...##
#..(.(.(####### .....#
####.###...)...#


There were no monsters in sight!

Vanquished Creatures
  An adder (D:2)
  A dart slug (D:1)
  2 leopard geckos
  7 bats
  4 giant cockroaches (D:1)
  8 goblins
  3 hobgoblins (D:1)
  7 jackals (D:2)
  2 kobolds
  A ball python (D:1)
  5 frilled lizards
  4 rats (D:1)
45 creatures vanquished.

Notes
Turn   | Place    | Note
-------+----------+-------------------------------------------
     0 | D:1      | George the Minotaur Fighter began the quest for the Orb.
     0 | D:1      | Reached XP level 1. HP: 19/19 MP: 0/0
    78 | D:1      | Reached skill level 3 in Long Blades
   162 | D:1      | Reached XP level 2. HP: 26/26 MP: 1/1
   247 | D:1      | Reached skill level 4 in Long Blades
   332 | D:1      | You fall through a shaft!
   341 | D:2      | Noticed a sky beast
   799 | D:1      | Reached XP level 3. HP: 31/31 MP: 2/2
  1187 | D:2      | Found a deep blue altar of Sif Muna.
  1194 | D:2      | Reached skill level 5 in Long Blades
  1560 | D:2      | Slain by a sky beast

Vault maps used:
D:1:      dpeg_arrival_prison
D:2:      gammafunk_temple_overflow_elements, lemuel_round_altar,
          chequers_ecumenical_altar_grove, fedhas_altar_4

Skill      XL: |  1  2  3 |
---------------+----------+-----
Long Blades    | 3 4 5 |  5.1
Fighting       | |  3.6
Armour         | |  3.6
Shields        | |  3.6

Action                   || total
-------------------------++-------
Melee: Long sword        ||   152
       Headbutt          ||    14
  Eat: Chunk             ||     1
Armor: Scale mail        ||    28
       Plate armour      ||   111
Dodge: Dodged            ||    30
Block: Shield            ||   109
       Rpst.: Long sword ||     8

Table legend:
 A = Non-vault XP
 B = Vault XP
 C = Vault XP percentage of total XP
 D = Non-vault monster count
 E = Vault monster count
 F = Vault count percentage of total count
                 A         B        C        D         E       F
            +---------+---------+-------+---------+---------+-------
      Total |      84 |       6 |   6.7 |      41 |       4 |   8.9
            +---------+---------+-------+---------+---------+-------
        D:1 |      43 |       6 |  12.2 |      24 |       4 |  14.3
        D:2 |      41 |       0 |   0.0 |      17 |       0 |   0.0
            +---------+---------+-------+---------+---------+-------
